 Dungeon Crawl Stone Soup version bcrawl-1.19.1 (webtiles) character file.

Game seed: 13850923935273122888

394 Revguard the Chopper (level 6, 0/51 HPs)
             Began as a Draconian Skald on Nov 29, 2019.
             Killed from afar by Natasha (7 damage)
             ... with a magic dart
             ... on level 4 of the Dungeon.
             The game lasted 00:10:48 (3304 turns).

Revguard the Chopper (Draconian Skald)              Turns: 3304, Time: 00:10:49

Health: 0/51       AC:  6    Str: 13    XL:     6   Next: 51%
Magic:  1/9        EV: 13    Int: 13    God:
Gold:   105        SH:  0    Dex: 13    Spells: 1/10 levels left

rFire    . . .     SeeInvis +   i - +0 hand axe (pain)
rCold    . . .     Gourm    .   (no shield)
rNeg     . . .     Faith    .   (armour unavailable)
rPois    .         Spirit   .   (helmet restricted)
rElec    .         Reflect  .   (no cloak)
rCorr    .         Harm     .   (no gloves)
MR       .....                  (no boots)
Stlth    +.........             (no amulet)
HPRegen  1.17/turn              h - ring of see invisible
MPRegen  0.11/turn              (no ring)

@: swift, flying, very slightly contaminated, regenerating (expiring), hasted,
very quick
A: unfitting armour, cold-blooded, AC +6
a: no special abilities


You were on level 4 of the Dungeon.
You were not hungry.

You visited 1 branch of the dungeon, and saw 4 of its levels.

You collected 105 gold pieces.

Inventory:

Hand Weapons
 a - a +0 hand axe
 i - a +0 hand axe of pain (weapon)
Jewellery
 f - an uncursed ring of fire {unknown}
 h - a ring of see invisible (left hand)
Wands
 n - a wand of polymorph (12)
Scrolls
 b - 2 scrolls of immolation
 c - 2 scrolls of fear
 g - 2 scrolls of identify
 j - a scroll of magic mapping {unknown}
 k - a scroll of amnesia {unknown}
 l - 2 scrolls of remove curse {unknown}
Potions
 e - a potion of flight
 o - a potion of cancellation {unknown}
Comestibles
 d - 8 rations {!d}


   Skills:
 + Level 3.2 Fighting
 + Level 4.1 Axes
 + Level 3.5 Dodging
 + Level 2.6 Spellcasting
 + Level 3.6 Charms
 * Level 2.1 Necromancy


You had one spell level left.
You knew the following spells:

 Your Spells              Type           Power        Failure   Level  Hunger
a - Infusion              Chrm           ##......     5%          1    #......
b - Song of Slaying       Chrm           ##......     9%          2    ###....
c - Regeneration          Chrm/Necr      #.........   22%         3    ###....
d - Ozocubu's Armour      Chrm/Ice       #.......     34%         3    ###....

Your spell library contained the following spells:

 Spells                   Type           Power        Failure   Level  Hunger
 Spectral Weapon          Hex/Chrm       #.......     34%         3    ###....


Dungeon Overview and Level Annotations

Branches:
Dungeon (4/12)
 Temple: D:4-7

Altars:
Fedhas
Kikubaaqudgha

Annotations:
D:4 Natasha


Innate Abilities, Weirdness & Mutations

Your plain brown scales are hard. (AC +6)
You cannot fit into any form of body armour.
You are cold-blooded and may be slowed by cold attacks.


Message History

Confirm with . or Enter, or press ? or * to list all spells.
You don't have enough magic to cast that spell.
You barely miss Natasha.
Natasha is moderately wounded.
Your skin is crawling a little less now.
Natasha claws you.
* * * LOW HITPOINT WARNING * * *
It was a potion of flight.
You feel very buoyant.
You fly up into the air.
You feel yourself speed up. Natasha barely misses you.
Natasha stares at you and mumbles some strange words.
The magic dart hits you!
* * * LOW HITPOINT WARNING * * *
The crimson imp blinks!
It was a potion of haste.
You feel yourself speed up.
Natasha stares at you and mumbles some strange words.
The magic dart hits you!
You die...

##### #.##.. ...# ....#
#.#### ...# #....# ..#
#.##.#### #.# #........
#.#####.##.####
..#.######....)..##.....
....%..@h§5...##########
.....#######.5# ... #..#
. #..# #### ### .....
..# #(. ###..## #.# #.#
#..# ##.###.#
#..###...##.#
#...<.......#


You could see Natasha, a crimson imp and a white imp.

Vanquished Creatures
  Sigmund (D:3)
  A jelly (D:4)
  An orc priest (D:3)
  Jessica (D:2)
  Natasha (D:3)
  Robin (D:2)
  3 adders (D:3)
  An ooze (D:2)
  3 worms
  A dart slug (D:2)
  6 leopard geckos
  12 orcs (D:3)
  4 bats
  3 giant cockroaches
  9 goblins
  11 hobgoblins
  4 jackals (D:1)
  A quokka (D:3)
  3 frilled lizards
  5 kobolds
  3 rats
75 creatures vanquished.

Vanquished Creatures (others)
  An ogre (D:4)
  A centaur (D:4)
  A hound (D:4)
  2 worker ants (D:4)
  2 orcs (D:4)
7 creatures vanquished.

Grand Total: 82 creatures vanquished

Notes
Turn   | Place    | Note
-------+----------+-------------------------------------------
     0 | D:1      | Revguard the Draconian Skald began the quest for the Orb.
     0 | D:1      | Reached XP level 1. HP: 17/17 MP: 3/3
   289 | D:1      | Reached XP level 2. HP: 22/24 MP: 5/5
   374 | D:1      | Learned a level 2 spell: Song of Slaying
  1088 | D:2      | Reached XP level 3. HP: 28/30 MP: 0/6
  1099 | D:2      | Learned a level 3 spell: Regeneration
  1132 | D:2      | Noticed Robin
  1168 | D:2      | Killed Robin
  1418 | D:2      | Reached XP level 4. HP: 33/37 MP: 7/7
  1528 | D:2      | Found an ancient bone altar of Kikubaaqudgha.
  1528 | D:2      | Found a blossoming altar of Fedhas.
  1528 | D:2      | Noticed Jessica
  1538 | D:2      | Killed Jessica
  1580 | D:2      | Found a faded altar of an unknown god.
  2376 | D:3      | Reached XP level 5. HP: 36/44 MP: 6/8
  2460 | D:3      | Noticed Sigmund
  2469 | D:3      | Killed Sigmund
  2469 | D:3      | Reached skill level 3 in Axes
  2469 | D:3      | Reached skill level 1 in Necromancy
  2469 | D:3      | Reached XP level 6. HP: 10/51 MP: 4/9
  2871 | D:3      | Learned a level 3 spell: Ozocubu's Armour
  2906 | D:3      | Noticed Natasha
  2908 | D:3      | Killed Natasha
  3041 | D:3      | Reached skill level 4 in Axes
  3278 | D:4      | Noticed Natasha
  3304 | D:4      | Killed from afar by Natasha

Skill      XL: |  1  2  3  4  5  6 |
---------------+-------------------+-----
Charms         | 3 |  3.6
Dodging        | 3 |  3.5
Fighting       | 3 |  3.2
Axes           | 3 4 |  4.1
Necromancy     | 1 2 |  2.1
Spellcasting   | |  2.6

Action                   |  1- 3 |  4- 6 || total
-------------------------+-------+-------++-------
Melee: Hand axe          |   142 |   133 ||   275
       Tailslap          |    14 |    14 ||    28
 Cast: Infusion          |     2 |       ||     2
       Song of Slaying   |     1 |     4 ||     5
       Regeneration      |       |     3 ||     3
  Use: Potion            |     2 |     3 ||     5
       Scroll            |       |     4 ||     4
 Stab: Sleeping          |     1 |     1 ||     2
  Eat: Chunk             |     2 |     7 ||     9
Armor: Skin              |    59 |    29 ||    88
Dodge: Dodged            |   117 |    63 ||   180
